cohdb
Replays
Latest Replays
All Replays
Popular Replays
Top Player Replays
Match Explorer
How It Works
Community
CoH3 Stats
Reddit
Sign in to upload your games and track your stats! →
Sign in with Steam
Match 47685996
Unlisted
Match 47685996
Overview
Messages
Build Orders
End
Selects Special Operations Battlegroup
Construct Barracks
Engineer Squad
Engineer Squad
Riflemen Squad
1⁄4-ton 4x4 Truck
Construct Medical Station
Selects Smoke Screen
Infantry Support Center
Construct Weapon Support Center
M1919 Machine Gun Team
M1918 Browning Automatic Rifles
Smoke Screen
M1 Mortar Team
Advanced Logistics
Construct Motor Pool
Riflemen Squad
Grenade Package
Selects SSF Commando Squad
Smoke Screen
M3 Armored Personnel Carrier
M1919 Machine Gun Team
Survival Training
Smoke Screen
SSF Commando Squad
M24 Chaffee Light Tank
Selects Assault Operation
Assault Operation
SSF Commando Squad
Riflemen Squad
Improved M9 Bazooka Rockets
Construct Tank Depot
Bazooka Squad
Riflemen Squad
Smoke Screen
Selects M29 Weasel with M1 Pack Howitzer
Selects Mark Vehicle
Selects UNKNOWN (2162291)
M4A1 Sherman Whizbang
Engineer Squad
Smoke Screen
M4A1 Sherman Whizbang
GHOST
[QC] Fury
War Pig
cfsun0419
Rommel
宇哥天下第一
WQMT
ahmdmhmdaldybawy993
0
0
Comments
sign in to comment!
No comments posted yet!